 Dungeon Crawl Stone Soup version 0.16.0-17-g811c1d7 (webtiles) character file.

3945 maniek23 the Covert (level 10, 0/68 HPs)
             Began as a Vampire Enchanter on Mar 21, 2015.
             Was a Follower of Kikubaaqudgha.
             Slain by a killer bee (10 damage)
             ... on level 7 of the Dungeon.
             The game lasted 00:34:33 (6713 turns).

maniek23 the Covert (Vampire Enchanter)             Turns: 6713, Time: 00:34:34

Health: 0/68       AC:  0    Str:  2    XL:     10   Next: 2%
Magic:  20/24      EV: 28    Int: 18    God:    Kikubaaqudgha [*.....]
Gold:   246        SH:  0    Dex: 21    Spells: 4 memorised, 13 levels left

rFire  . . .     SeeInvis +     a - melded +1 dagger
rCold  + . .     Clarity  +     S - melded +3 leather armour {MR+}
rNeg   + + .     SustAb   .     (shield currently unavailable)
rPois  +         Gourm    .     (helmet currently unavailable)
rElec  .         Spirit   .     l - melded +0 cloak
rCorr  .         Warding  .     (gloves currently unavailable)
rMut   .         Stasis   .     F - melded +0 pair of boots
MR     +....                    t - amulet of clarity
Stlth  ++++++....               p - melded +3 ring of strength
                                j - melded ring of magical power

@: lethally poisoned (0 -> -6), bat-form, flying, very slightly contaminated,
regenerating slowly, very quick, somewhat resistant to hostile enchantments,
very stealthy
A: bottle blood, (fangs 0), see invisible, (unbreathing)
a: End Transformation, Receive Corpses, Renounce Religion


You were on level 7 of the Dungeon.
You worshipped Kikubaaqudgha.
Kikubaaqudgha was aware of your devotion.
You were very thirsty.
You were in vampire-bat-form.
You visited 2 branches of the dungeon, and saw 8 of its levels.

You collected 246 gold pieces.

Inventory:

Hand weapons
 a - a +1 dagger (melded)
Armour
 b - a +1 robe
 e - a +2 robe of positive energy
 l - a +0 cloak (melded)
 D - a +2 robe of the Archmagi
 E - a +0 ring mail
 F - a +0 pair of boots (melded)
 J - the +0 leather armour of the Salamander {rC+ Int-3 Dex+2}
   (You found it on level 5 of the Dungeon)

   It affects your intelligence (-3).
   It affects your dexterity (+2).
   It protects you from cold.
 S - a +3 leather armour of magic resistance (melded)
Rods
 P - a cursed +0 rod of shadows (9/9)
   (You found it on level 6 of the Dungeon)
Jewellery
 j - a ring of magical power (melded)
 p - a +3 ring of strength (melded)
 t - an amulet of clarity (around neck)
 w - an uncursed amulet of stasis
Magical devices
 x - a wand of draining (5)
 z - a wand of cold (4)
 B - a wand of polymorph (11)
 G - a wand of polymorph (16)
 K - a wand of fire (7)
 N - a wand of fire (2)
 Q - a wand of enslavement (1)
Scrolls
 f - 6 scrolls of identify {unknown}
 h - 2 scrolls of remove curse
 m - 4 scrolls of fear {unknown}
 q - 2 scrolls of magic mapping {unknown}
 r - a scroll of amnesia {unknown}
 u - a scroll of immolation {unknown}
 v - 2 scrolls of enchant weapon {unknown}
 y - 2 scrolls of random uselessness {unknown}
 I - a scroll of blinking {unknown}
 M - a scroll of recharging {unknown}
Potions
 d - 19 potions of blood
 g - a potion of degeneration {unknown}
 i - 5 potions of curing {unknown}
 k - a potion of might {unknown}
 n - 3 potions of heal wounds {unknown}
 o - a potion of resistance {unknown}
 s - 4 potions of haste {unknown}
 A - a potion of agility {unknown}
 C - a potion of magic {unknown}
 L - a potion of lignification {unknown}
 O - a potion of brilliance {unknown}
 R - 2 potions of invisibility {unknown}
 U - a potion of restore abilities {unknown}
 W - a potion of cure mutation {unknown}
Books
 c - a book of Maledictions

   Spells                             Type                      Level
   a - Corona                         Hexes                        1
   b - Sure Blade                     Hexes/Charms                 2
   c - Ensorcelled Hibernation        Hexes/Ice                    2
   d - Confuse                        Hexes                        3
   e - Dazzling Spray                 Conjuration/Hexes            3
   f - Enslavement                    Hexes                        4
 H - a book of Summonings

   Spells                             Type                      Level
   a - Abjuration                     Summoning                    3
   b - Recall                         Summoning/Translocation      3
   c - Shadow Creatures               Summoning                    5
   d - Summon Demon                   Summoning                    5
   e - Summon Forest                  Summoning/Translocation      5
   f - Monstrous Menagerie            Summoning                    6
 T - a book of Annihilations {highlevel, unknown}

   This book is beyond your current level of understanding.

   Spells                             Type                      Level
   a - Poison Arrow                   Conjuration/Poison           6
   b - Chain Lightning                Conjuration/Air              8
   c - Lehudib's Crystal Spear        Conjuration/Earth            8
   d - Glaciate                       Conjuration/Ice              9
   e - Fire Storm                     Conjuration/Fire             9
 V - Kikubaaqudgha's Catalogue of Darkness
   (Kikubaaqudgha gifted it to you on level 7 of the Dungeon)

   Spells                             Type                      Level
   a - Pain                           Necromancy                   1
   b - Corpse Rot                     Necromancy                   2
   c - Sublimation of Blood           Necromancy                   2
   d - Vampiric Draining              Necromancy                   3
   e - Control Undead                 Necromancy                   4
 X - a Fen Folio

   Spells                             Type                      Level
   a - Corpse Rot                     Necromancy                   2
   b - Stone Arrow                    Conjuration/Earth            3
   c - Leda's Liquefaction            Hexes/Earth                  4
   d - Summon Forest                  Summoning/Translocation      5
   e - Hydra Form                     Transmutation                6
   f - Summon Hydra                   Summoning                    7


   Skills:
 + Level 2.3 Fighting
 + Level 3.1 Short Blades
 + Level 2.1 Armour
 + Level 7.1 Dodging
 + Level 11.3 Stealth
 + Level 6.5 Spellcasting
 + Level 0.3 Conjurations
 + Level 10.0 Hexes
 + Level 3.0 Ice Magic


You had 13 spell levels left.
You knew the following spells:

 Your Spells              Type           Power        Failure   Level  Hunger
a - Corona                Hex            #####..      2%          1    None
b - Ensorcelled Hibernat  Hex/Ice        ####..       6%          2    None
c - Confuse               Hex            #####...     4%          3    ##.....
d - Dazzling Spray        Conj/Hex       ###.....     14%         3    ##.....


Dungeon Overview and Level Annotations

Branches:
Dungeon (7/15)             Temple (1/1) D:6

Altars:
Ashenzari
Cheibriados
Elyvilon
Fedhas
Gozag
Kikubaaqudgha
Nemelex Xobeh
Okawaru
Qazlal
Ru
Sif Muna
Trog
Vehumet
Xom
Yredelemnul
Zin


Innate Abilities, Weirdness & Mutations

You heal slowly.
You can bottle blood from corpses.
((You have razor-sharp teeth.))
You have supernaturally acute eyesight.
((You can survive without breathing.))


Message History

You feel weaker. The killer bee barely misses you. The killer bee misses you.
The killer bee misses you. The killer bee completely misses you.
The killer bee completely misses you. The killer bee misses you.
You feel sick. The killer bee completely misses you.
The killer bee is no longer blind.
The killer bee completely misses you.
You feel sick.
You feel sick. The killer bee misses you.
You feel sick. The killer bee completely misses you.
You feel sick. The killer bee completely misses you.
You feel sick. The killer bee barely misses you.
You feel sick. The killer bee stings you!
* * * LOW HITPOINT WARNING * * *
The killer bee stings you!
You die...
Kikubaaqudgha rasps: "You have failed me!
Welcome... oblivion!"

##.....##.♣.♣.♣.#.#.#....#.##....
##..#####....[..#........#.......
..........)....<#.#.....##.#.....
........#.......#.......##.......
####...##.♣.♣.♣.#...###.##.#.####
..###..##.......#..........#.#
..##...##########....##.##.#.#
..##.#.#.........<.#.##......##
..##............b.......##....#
..####.#.###...y.....##.#####.#
####..........y...#........#<.#
####........y..............#..#
..##......)................#..###
#.##.............##..............
#.##.............#########.#..###
..##....>........# #....#
#.##........#....# ####.#


You could see 3 killer bees.

Vanquished Creatures
  Pikel (D:6)
  A hill giant (D:7)
  The ghost of vatarom the Changer, an experienced TrTm (D:6)
  Eustachio (D:6)
  Grinder (D:6)
  Edmund (D:7)
  2 sky beasts (D:7)
  2 ice beasts
  An orc warrior (D:7)
  2 phantoms
  3 ogres
  Sigmund (D:7)
  Duvessa (D:5)
  2 giant frogs
  Blork the orc (D:4)
  A wyvern skeleton (D:6)
  A killer bee (D:7)
  Dowan (D:5)
  4 orc priests
  2 goliath beetles (D:6)
  4 hounds
  Crazy Yiuf (D:4)
  2 jellies (D:7)
  3 iguanas
  A worker ant (D:5)
  8 orc wizards
  Ijyb (D:5)
  8 adders
  3 giant mites
  A worm (D:5)
  An adder skeleton (D:5)
  An adder zombie (D:5)
  4 giant geckos
  26 orcs
  17 hobgoblins
  15 jackals
  2 quokkas
  4 ball pythons
  11 bats
  6 giant cockroaches
  2 giant newts
  2 giant spores (D:7)
  8 goblins
  10 kobolds
  13 rats
  A ballistomycete (D:7)
185 creatures vanquished.

Vanquished Creatures (others)
  3 slaves (D:6)
  A river rat (D:6)
  A shadow imp (D:6)
  An ufetubus (D:6)
  2 bats (D:6)
  A giant spore (D:6)
9 creatures vanquished.

Grand Total: 194 creatures vanquished

Notes
Turn   | Place    | Note
--------------------------------------------------------------
     0 | D:1      | maniek23, the Vampire Enchanter, began the quest for the Orb.
     0 | D:1      | Reached XP level 1. HP: 13/13 MP: 3/3
   153 | D:1      | Reached XP level 2. HP: 11/19 MP: 4/4
   175 | D:1      | You fall through a shaft!
   825 | D:2      | Reached skill level 5 in Stealth
   825 | D:2      | Reached XP level 3. HP: 12/24 MP: 6/6
   986 | D:2      | Learned a level 2 spell: Ensorcelled Hibernation
  1044 | D:2      | Reached skill level 5 in Hexes
  1079 | D:2      | Reached XP level 4. HP: 18/31 MP: 8/8
  1233 | D:2      | Found an iron altar of Okawaru.
  1552 | D:3      | Found a sparkling altar of Nemelex Xobeh.
  2194 | D:4      | Reached XP level 5. HP: 25/36 MP: 9/9
  2448 | D:4      | Reached skill level 1 in Fighting
  2480 | D:4      | Noticed a phantom
  2500 | D:4      | Found a shimmering altar of Xom.
  2506 | D:4      | Killed a phantom
  2506 | D:4      | Reached skill level 6 in Stealth
  2515 | D:4      | Learned a level 3 spell: Confuse
  2571 | D:4      | Noticed Crazy Yiuf
  2839 | D:4      | Killed Crazy Yiuf
  2924 | D:4      | Reached XP level 6. HP: 43/43 MP: 11/11
  3340 | D:4      | Noticed Blork the orc
  3346 | D:4      | Killed Blork the orc
  3431 | D:5      | Entered Level 5 of the Dungeon
  3535 | D:5      | Reached skill level 7 in Stealth
  3535 | D:5      | Reached XP level 7. HP: 48/48 MP: 6/14
  3675 | D:5      | Noticed Dowan
  3712 | D:5      | Noticed Duvessa
  3718 | D:5      | Killed Dowan
  3729 | D:5      | Killed Duvessa
  3729 | D:5      | Reached skill level 1 in Ice Magic
  3916 | D:5      | Noticed Ijyb
  3932 | D:5      | Killed Ijyb
  3941 | D:5      | Found a blossoming altar of Fedhas.
  3955 | D:5      | Got a smoking leather armour
  3966 | D:5      | Identified the +0 leather armour of the Salamander {rC+ Int-3 Dex+2} (You found it on level 5 of the Dungeon)
  4094 | D:5      | Reached skill level 8 in Stealth
  4392 | D:6      | Noticed Eustachio
  4529 | D:6      | Noticed Pikel
  4540 | D:6      | Killed Pikel
  4540 | D:6      | Reached skill level 5 in Dodging
  4540 | D:6      | Reached skill level 9 in Stealth
  4540 | D:6      | Reached XP level 8. HP: 13/56 MP: 16/18
  4885 | D:6      | Noticed vatarom's ghost (experienced TrTm)
  4894 | D:6      | Killed vatarom's ghost
  4961 | D:6      | Found a staircase to the Ecumenical Temple.
  4986 | Temple   | Entered the Ecumenical Temple
  4994 | Temple   | Became a worshipper of Kikubaaqudgha
  5110 | D:6      | Reached skill level 5 in Spellcasting
  5380 | D:6      | Reached XP level 9. HP: 34/61 MP: 21/21
  5403 | D:6      | Noticed Grinder
  5426 | D:6      | Killed Grinder
  5426 | D:6      | Reached skill level 10 in Stealth
  5550 | D:6      | Learned a level 3 spell: Dazzling Spray
  5642 | D:6      | Found a sparkling altar of Nemelex Xobeh.
  5664 | D:6      | Killed Eustachio
  6058 | D:7      | Noticed Edmund
  6063 | D:7      | Killed Edmund
  6075 | D:7      | Reached skill level 1 in Armour
  6078 | D:7      | Noticed a hill giant
  6083 | D:7      | Killed a hill giant
  6083 | D:7      | Acquired Kikubaaqudgha's first power
  6083 | D:7      | Received a gift from Kikubaaqudgha
  6086 | D:7      | Identified Kikubaaqudgha's Catalogue of Darkness (Kikubaaqudgha gifted it to you on level 7 of the Dungeon)
  6220 | D:7      | Reached skill level 11 in Stealth
  6606 | D:7      | Noticed Sigmund
  6615 | D:7      | Killed Sigmund
  6615 | D:7      | Reached skill level 10 in Hexes
  6615 | D:7      | Reached XP level 10. HP: 67/67 MP: 24/24
  6713 | D:7      | Slain by a killer bee

Action                   |  1- 3 |  4- 6 |  7- 9 | 10-12 || total
-------------------------+-------+-------+-------+-------++-------
Melee: Dagger            |   118 |   119 |   317 |    10 ||   564
 Cast: Corona            |     3 |     3 |     1 |       ||     7
       Ensorcelled Hiber |       |    10 |    42 |       ||    52
       Confuse           |       |     9 |    25 |       ||    34
       Dazzling Spray    |       |       |     7 |     6 ||    13
 Abil: Bat Form          |       |     2 |     1 |     1 ||     4
       End Transformatio |       |     2 |     1 |       ||     3
  Use: Potion            |       |     1 |     4 |       ||     5
       Scroll            |       |       |     2 |       ||     2
 Stab: Sleeping          |     8 |    14 |    37 |       ||    59
       Confused          |       |     3 |     7 |       ||    10
       Invisible         |       |       |     3 |       ||     3
  Eat: Corpse            |     5 |     4 |     3 |       ||    12
